 Dungeon Crawl Stone Soup version 0.30-a0-341-g682706514a (webtiles) character file.

Game seed: 526249124584510076

1011 ragingrage the Summoner (level 8, -2/46 HPs)
             Began as an Octopode Wanderer on Nov 3, 2022.
             Slain by a sky beast (5 damage)
             ... on level 6 of the Dungeon.
             The game lasted 00:06:15 (5631 turns).

ragingrage the Summoner (Octopode Wanderer)         Turns: 5631, Time: 00:06:16

Health: -2/46      AC:  1    Str: 10    XL:     8   Next: 21%
Magic:  11/14      EV: 12    Int: 16    God:
Gold:   289        SH:  4    Dex: 13    Spells: 7/15 levels left

rFire   . . .      SeeInvis .    a - +2 hand axe
rCold   + . .      Faith    .    n - +0 buckler
rNeg    + . .      Spirit   .    (helmet restricted)
rPois   .          Reflect  .    A - amulet of magic regeneration
rElec   .          Harm     .    w - ring of positive energy
rCorr   .          Rampage  .    B - ring of protection from cold
Will    .....                    (no ring)
Stlth   ++........               (no ring)
HPRegen 0.27/turn                (no ring)
MPRegen 0.54/turn                (no ring)
                                 (no ring)
                                 (no ring)

@: no status effects
A: almost no armour, amphibious, 8 rings, camouflage 1, gelatinous body 1,
(nimble swimmer 1), tentacles
a: no special abilities


You were on level 6 of the Dungeon.
You visited 1 branch of the dungeon, and saw 6 of its levels.

You collected 289 gold pieces.

Inventory:

Hand Weapons
 a - a +2 hand axe (weapon)
 b - a +0 dagger
Missiles
 f - 8 poisoned darts
Armour
 n - a +0 buckler (worn)
Magical Staves
 g - a staff of cold
Jewellery
 w - a ring of positive energy (left tentacle)
 A - an amulet of magic regeneration (around mantle)
 B - a ring of protection from cold (right tentacle)
Scrolls
 d - 6 scrolls of identify {unknown}
 e - 3 scrolls of noise {unknown}
 h - a scroll of blinking {unknown}
 j - 2 scrolls of amnesia {unknown}
 l - a scroll of poison {unknown}
 o - a scroll of silence {unknown}
 p - 2 scrolls of brand weapon {unknown}
 r - 2 scrolls of fog {unknown}
 u - a scroll of summoning {unknown}
 v - a scroll of teleportation {unknown}
 y - a scroll of enchant armour {unknown}
Potions
 c - 3 potions of heal wounds
 i - a potion of brilliance {unknown}
 k - 2 potions of berserk rage {unknown}
 m - a potion of resistance {unknown}
 q - a potion of flight {unknown}
 s - 2 potions of lignification
 t - a potion of curing {unknown}
 x - 2 potions of haste {unknown}
 z - 2 potions of degeneration {unknown}


   Skills:
 - Level 3.0 Axes
 - Level 1.0 Dodging
 - Level 2.0 Shields
 - Level 4.4 Spellcasting
 * Level 8.5 Summonings
 - Level 1.1 Evocations


You had 7 spell levels left.
You knew the following spells:

 Your Spells              Type           Power      Damage    Failure   Level
a - Summon Small Mammal   Summ           100%       N/A       1%          1
b - Call Canine Familiar  Summ           30%        N/A       1%          3
c - Stone Arrow           Conj/Erth      6%         3d7       54%         3
d - Sandblast             Erth           6%         2d5       22%         1

Your spell library contained the following spells:

 Spells                   Type           Power      Damage    Failure   Level
 Beastly Appendage        Tmut           6%         N/A       22%         1
 Passwall                 Tmut/Erth      2%         N/A       32%         2
 Wereblood                Tmut           3%         N/A       32%         2
 Spider Form              Tmut/Pois      3%         N/A       54%         3


Dungeon Overview and Level Annotations

Branches:
Dungeon (6/15)             Temple (0/1) D:6

Altars:
Elyvilon
Kikubaaqudgha
Okawaru
Sif Muna

Shops:
D:6 (

Annotations:
D:4 3 runed translucent doors, Lobster4's ghost, novice HuWn; sirJeffrey23's ghost, novice FoFi


Innate Abilities, Weirdness & Mutations

You cannot wear most types of armour.
You are amphibious.
You can wear up to eight rings at the same time.
Your skin changes colour to match your surroundings (Stealth+).
Your rubbery body absorbs attacks. (AC +1, EV +1)
((You are camouflaged when in or above water. (Stealth+)))
You have tentacles for arms and can constrict up to eight enemies at once.


Message History

The iguana closely misses you.
Your hound bites the iguana.
You are too injured to fight recklessly!
Casting: Call Canine Familiar (safe; 1% risk of failure)
Confirm with . or Enter, or press ? or * to list all spells.
Your hound bites the iguana.
The iguana barely misses your hound.
The sky beast flickers out of sight!
Deactivating autopickup; reactivate with Ctrl-A.
Something hits you. Something shocks you.
* * * LOW HITPOINT WARNING * * *
Your hound closely misses the iguana.
Something hits you.
* * * LOW HITPOINT WARNING * * *
Something shocks you.
* * * LOW HITPOINT WARNING * * *
The iguana bites your hound!
Your hound barely misses the iguana.
Your hound bites the iguana but does no damage.
The iguana bites your hound.
Your hound barely misses the iguana.
Okay, then.
You feel much better. The iguana bites your hound. Something hits you.
Something shocks you.
Your hound barely misses the iguana.
Your quokka barely misses the iguana.
Something hits you.
* * * LOW HITPOINT WARNING * * *
Something shocks you.
* * * LOW HITPOINT WARNING * * *
Your hound completely misses the iguana.
The iguana misses your hound.
Your quokka closely misses the iguana.
Your hound barely misses the iguana.
Casting: Summon Small Mammal (safe; 1% risk of failure)
Confirm with . or Enter, or press ? or * to list all spells.
Your hound disappears in a puff of smoke!
Your quokka bites the iguana but does no damage.
The iguana bites your quokka.
Your quokka dies!
Your quokka's corpse disappears in a puff of smoke!
Something hits you but does no damage. Something hits you.
* * * LOW HITPOINT WARNING * * *
Something shocks you.
You die...

.#.#####.#...######....###.# #
..##...##..................######
..#.....##...######..............
............#######..#...........
.#...∩...##......##..############
##.......#######.##..# ###...).##
#h##.. # ##(..## #.##. ## # ##.##
#@# . # #.# ##.## .# # #.#
####...##.# # #.# #......#§§..# #
#.####..l...# ##.#.#.# #......#
...#.#.# ##.. .. .


You could see an iguana (distracted) and a friendly hound (summoned).

Vanquished Creatures
  A centaur (D:6)
  2 phantoms
  A bullfrog (D:6)
  2 scorpions
  3 hounds
  A jelly (D:3)
  4 adders
  A worm (D:3)
  A dart slug (D:2)
  2 orcs
  A ball python (D:1)
  A bat zombie (D:4)
  3 endoplasms
  3 giant cockroaches
  3 goblins
  2 hobgoblins
  7 jackals
  2 quokkas (D:1)
  7 bats
  3 frilled lizards
  4 kobolds
  4 rats
  2 rat zombies (D:4)
60 creatures vanquished.

Vanquished Creatures (collateral kills)
  A centaur (D:6)
  A scorpion (D:6)
  An orc priest (D:4)
  4 iguanas
  3 orc wizards (D:5)
  3 adders
  An ufetubus (D:5)
  7 orcs
  An endoplasm (D:2)
  A hobgoblin (D:4)
  2 jackals (D:4)
  A quokka (D:3)
  A kobold (D:3)
27 creatures vanquished.

Grand Total: 87 creatures vanquished

Notes
Turn   | Place    | Note
-------+----------+-------------------------------------------
     0 | D:1      | ragingrage the Octopode Wanderer began the quest for the
                  | Orb.
     0 | D:1      | ragingrage set off with the following items: a +2 hand axe,
                  | a +0 buckler, a potion of heal wounds; and the following
                  | spell memorised: Summon Small Mammal; and the following
                  | spells available to memorise: Call Canine Familiar.
     0 | D:1      | Reached XP level 1. HP: 11/11 MP: 4/4
   483 | D:1      | Reached XP level 2. HP: 17/17 MP: 3/6
  1011 | D:2      | Found a faded altar of an unknown god.
  1361 | D:2      | Reached XP level 3. HP: 21/21 MP: 8/8
  1374 | D:2      | Learned a level 3 spell: Call Canine Familiar
  1960 | D:3      | Found a white marble altar of Elyvilon.
  1974 | D:3      | Noticed a phantom
  2146 | D:3      | Identified the +0 leather armour of Leapfrog {rN+ Str-3
                  | Slay+5}
  2230 | D:3      | Killed a phantom
  2231 | D:3      | Reached skill level 2 in Summonings
  2231 | D:3      | Reached XP level 4. HP: 27/27 MP: 7/10
  2231 | D:3      | Reached XP level 5. HP: 31/31 MP: 7/11
  2313 | D:3      | Reached skill level 3 in Summonings
  2359 | D:3      | Found an iron altar of Okawaru.
  2503 | D:3      | You fall into a shaft and drop 1 floor!
  2688 | D:4      | Reached skill level 4 in Summonings
  2748 | D:4      | Reached XP level 6. HP: 36/36 MP: 6/12
  3196 | D:4      | Found a runed translucent gate.
  3197 | D:4      | Found a runed translucent gate.
  3197 | D:4      | Found a runed translucent gate.
  3198 | D:4      | Noticed Lobster4's ghost (novice HuWn)
  3200 | D:4      | Noticed sirJeffrey23's ghost (novice FoFi)
  3353 | D:4      | Reached skill level 5 in Summonings
  3498 | D:4      | Found a shimmering blue altar of Sif Muna.
  3598 | D:4      | Found an ancient bone altar of Kikubaaqudgha.
  3870 | D:5      | Entered Level 5 of the Dungeon
  4052 | D:5      | Reached XP level 7. HP: 28/41 MP: 11/13
  4165 | D:5      | Reached skill level 6 in Summonings
  4272 | D:5      | Learned a level 3 spell: Stone Arrow
  4374 | D:5      | Learned a level 1 spell: Sandblast
  5060 | D:6      | Reached skill level 7 in Summonings
  5114 | D:6      | Found Fangem's Weapon Shop.
  5257 | D:6      | Reached XP level 8. HP: 23/46 MP: 14/14
  5476 | D:6      | Reached skill level 8 in Summonings
  5622 | D:6      | Found a staircase to the Ecumenical Temple.
  5626 | D:6      | HP: 2/46 [something (6)]
  5631 | D:6      | Slain by a sky beast

Illustrated notes

Levels and vault maps discovered:
D:1:      ncdulo_watergridlock, layout_basic
D:2:      layout_loops_ring, hellmonk_ecumenical_altar_arch_garden
D:3:      layout_basic, elyvilon_altar_4, okawaru_gym_becter
D:4:      minmay_wonky_spiral, layout_basic, mainiacjoe_overflow_brackets,
          lemuel_zombie_altar_kikubaaqudgha, gammafunk_ghost_cemetery
D:5:      layout_basic
D:6:      layout_loops_ring, gammafunk_temple_overflow_statue,
          minmay_temple_entry_sparse_star, serial_shops,
          nicolae_shop_bloodbath_and_beyond, guppyfry_early_elven_hall

Skill      XL: |  1  2  3  4  5  6  7  8 |
---------------+-------------------------+-----
Spellcasting   | 4 |  4.4
Summonings     | 2 4 5 7 8 |  8.5
Axes           | |  3.0
Dodging        | |  1.0
Shields        | |  2.0
Evocations     | |  1.1

Action                   |  1- 3 |  4- 6 |  7- 9 || total
-------------------------+-------+-------+-------++-------
Melee: Hand axe          |    57 |    44 |    31 ||   132
       Constrict         |    19 |    12 |     5 ||    36
       Tentacles         |    15 |     8 |     8 ||    31
       Short sword       |     7 |       |       ||     7
       Unarmed           |     7 |       |       ||     7
       Dagger            |     2 |       |       ||     2
 Cast: Summon Small Mamm |    23 |    26 |    18 ||    67
       Call Canine Famil |       |    15 |    15 ||    30
  Use: Potion            |     2 |       |     1 ||     3
 Stab: Sleeping          |     8 |     3 |       ||    11
       Distracted        |       |     2 |       ||     2
Armor: Skin              |    17 |     2 |     6 ||    25
Dodge: Dodged            |    42 |    30 |    34 ||   106
Block: Buckler           |    11 |     8 |     8 ||    27

Table legend: (Time is in decaauts)
 A = Elapsed time spent in this place.
 B = Non-inter-level travel time spent in this place.
 C = Inter-level travel time spent in this place.
 D = Time resting spent in this place.
 E = Time spent auto-exploring this place.
 F = Levels seen in this place.
 G = Mean time per level.
                   A        B        C        D        E       F      G
               +--------+--------+--------+--------+--------+-----+--------+
         Total |   5649 |   5410 |    239 |    820 |   3688 |   6 |  941.5 |
       Dungeon |   5649 |   5410 |    239 |    820 |   3688 |   6 |  941.5 |
               +--------+--------+--------+--------+--------+-----+--------+

Top non-repeatable levels by time:
     D:4: 1236 daAuts
     D:5: 1059 daAuts
     D:1: 1007 daAuts
     D:2: 874 daAuts
     D:3: 763 daAuts
     D:6: 707 daAuts
